 Dungeon Crawl Stone Soup version 0.26-a0-639-g72c4674329 (webtiles) character file.

Game seed: 7683121733855653204

26749 Fingolfin the Geomancer (level 13, -3/80 HPs)
             Began as a Gargoyle Earth Elementalist on Sept 11, 2020.
             Was a High Priest of Sif Muna.
             Killed from afar by Fannar (25 damage)
             ... with a bolt of cold
             ... on level 3 of the Lair of Beasts on Sept 17, 2020.
             The game lasted 01:16:22 (19943 turns).

Fingolfin the Geomancer (GrEE)                     Turns: 19943, Time: 01:16:22

Health: -3/80      AC: 19    Str: 17    XL:     13   Next: 28%
Magic:  2/32       EV: 15    Int: 22    God:    Sif Muna [*****.]
Gold:   861        SH:  6    Dex: 14    Spells: 7/26 levels left

rFire    + . .     SeeInvis .   a - +9 war axe of Cobwebs {elec, +Inv rF+ Dex+4 Stlth+}
rCold    . . .     Faith    .   Q - +1 buckler {rPois}
rNeg     + . .     Spirit   .   w - +2 robe {MR+}
rPois    ∞         Reflect  .   j - +2 helmet
rElec    +         Harm     .   (no cloak)
rCorr    .         Rampage  .   O - +0 pair of gloves
MR       +....                  o - +0 pair of boots
Stlth    ++++......             Y - amulet of the acrobat
HPRegen  0.23/turn              W - ring of magical power
MPRegen  0.23/turn              T - +6 ring of strength

@: no status effects
A: negative energy resistance 1, electricity resistance, unbreathing,
petrification resistance, rot immunity, AC +9
a: Channel Magic, Forget Spell, Divine Exegesis, Renounce Religion, Evoke
Invisibility


You were on level 3 of the Lair of Beasts.
You worshipped Sif Muna.
Sif Muna was extremely pleased with you.
You visited 3 branches of the dungeon, and saw 14 of its levels.

You collected 1082 gold pieces.
You spent 221 gold pieces at shops.

Inventory:

Hand Weapons
 a - the +9 war axe of Cobwebs (weapon) {elec, +Inv rF+ Dex+4 Stlth+}
   (You found it on level 8 of the Dungeon)

   Occasionally, upon striking a foe, it will discharge some electrical energy
   and cause terrible harm.
   It affects your dexterity (+4).
   It protects you from fire.
   It lets you turn invisible.
   It makes you more stealthy.
 n - a +0 morningstar
 y - a +6 mace
 K - a +2 hand axe of flaming
Missiles
 s - 8 atropa-tipped darts
 R - 366 stones (quivered)
Armour
 j - a +2 helmet (worn)
 o - a +0 pair of boots (worn)
 w - a +2 robe of magic resistance (worn)
 O - a +0 pair of gloves (worn)
 Q - a +1 buckler of poison resistance (worn)
Magical Staves
 b - an uncursed staff of earth
 U - an uncursed staff of air
Jewellery
 u - a +4 ring of evasion
 H - an uncursed ring of protection from fire
 I - a cursed ring of resist corrosion
 N - an uncursed ring of positive energy
 T - a +6 ring of strength (right hand)
 W - a ring of magical power (left hand)
 Y - an amulet of the acrobat (around neck)
 Z - an uncursed ring of ice {unknown}
Wands
 q - a wand of paralysis (6)
 D - a wand of acid (10)
 L - a wand of iceblast (7)
 M - a wand of enslavement (6)
 V - a wand of disintegration (8)
Scrolls
 i - 6 scrolls of teleportation
 k - 2 scrolls of fog
 l - 3 scrolls of amnesia
 p - 4 scrolls of blinking
 v - 4 scrolls of magic mapping
 x - 6 scrolls of immolation
 B - a scroll of enchant weapon
 C - a scroll of fear
 G - 3 scrolls of remove curse
 J - a scroll of random uselessness {unknown}
 P - a scroll of torment {unknown}
Potions
 c - 10 potions of ambrosia
 d - 7 potions of flight
 e - a potion of berserk rage {unknown}
 f - 2 potions of magic
 g - 6 potions of curing
 h - 8 potions of heal wounds
 m - 5 potions of haste
 r - 4 potions of resistance
 t - a potion of brilliance {unknown}
 F - 5 potions of lignification
 S - 2 potions of mutation {unknown}
 X - a potion of might
Miscellaneous
 z - a phantom mirror


   Skills:
 - Level 9.0 Fighting
 - Level 7.1(8.0) Axes
 - Level 5.8(7.7) Maces & Flails
 - Level 6.0 Armour
 - Level 6.0 Dodging
 - Level 6.0 Stealth
 - Level 4.0 Shields
 + Level 7.0 Spellcasting
 - Level 6.0 Conjurations
 - Level 0.7 Transmutations
 - Level 10.0 Earth Magic
 - Level 6.0 Invocations
 - Level 6.0 Evocations


You had 7 spell levels left.
You knew the following spells:

 Your Spells              Type           Power        Failure   Level
a - Sandblast             Erth           ######       1%          1
b - Blink                 Tloc           N/A          12%         2
c - Stone Arrow           Conj/Erth      #####.       1%          3
d - Lee's Rapid Deconstr  Erth           ######....   3%          5
e - Petrify               Tmut/Erth      ####....     9%          4
B - Passwall              Tmut/Erth      ####....     1%          2
S - Swiftness             Air            #.......     12%         2

Your spell library contained the following spells:

 Spells                   Type           Power        Failure   Level
 Magic Dart               Conj           ####         1%          1
 Shock                    Conj/Air       ###.         2%          1
 Beastly Appendage        Tmut           ##....       6%          1
 Conjure Flame            Conj/Fire      ###.....     7%          3
 Static Discharge         Conj/Air       ###.....     7%          3
 Wereblood                Tmut           ##......     10%         2
 Mephitic Cloud           Conj/Pois/Air  ###.....     11%         3
 Call Imp                 Summ           #.......     12%         2
 Slow                     Hex            #.......     12%         2
 Spider Form              Tmut/Pois      #.........   22%         3
 Confusing Touch          Hex            #.......     24%         3
 Gell's Gravitas          Tloc           #.........   24%         3
 Lightning Bolt           Conj/Air       ###.......   54%         5
 Ice Form                 Ice/Tmut       #.......     56%         4
 Airstrike                Air            #.........   63%         4
 Blade Hands              Tmut           ##........   86%         5
 Yara's Violent Unravell  Hex/Tmut       #.........   89%         5
 Metabolic Englaciation   Hex/Ice        #.........   92%         5


Dungeon Overview and Level Annotations

Branches:
Dungeon (10/15)            Temple (1/1) D:5            Lair (3/6) D:10
 Shoals (0/4) Lair:2          Orc (0/2) D:9
  Snake: Lair:2-4    Spider: Lair:2-4

Altars:
Ashenzari
Cheibriados
Dithmenos
Elyvilon
Fedhas
Gozag
Hepliaklqana
Kikubaaqudgha
Makhleb
Nemelex Xobeh
Okawaru
Qazlal
Ru
Sif Muna
Trog
Uskayaw
Vehumet
Wu Jian
Xom
Yredelemnul
Zin
The Shining One

Shops:
D:4 [   D:6 [?[   D:7 *

Annotations:
Lair:3 Fannar


Innate Abilities, Weirdness & Mutations

You are resistant to torment.
Your stone body is resilient. (AC +9)
You are immune to poison.
You resist negative energy. (rN+)
You are resistant to electric shocks. (rElec)
You can survive without breathing.
You are immune to petrification.
You are immune to rotting.


Message History

Confirm with . or Enter, or press ? or * to list all spells.
Aiming: Stone Arrow (safe; 1% risk of failure)
Press: ? - help, Shift-Dir - straight line You feel a surge of power!
The stone arrow hits Fannar.
Fannar is almost dead.
Fannar hits you but does no damage. Fannar freezes you.
You feel agile.
You hear the crackle of electricity.
a - the +9 war axe of Cobwebs (weapon)
{elec, +Inv rF+ Dex+4 Stlth+} Fannar murmurs some mystic words to themself.
Fannar hits you but does no damage. Fannar freezes you!
You slash Fannar!
Fannar is almost dead.
Fannar hits you but does no damage. Fannar freezes you!
* * * LOW HITPOINT WARNING * * *
You barely miss Fannar.
Fannar is almost dead.
Fannar gestures at you while chanting. The bolt of cold hits you!!
You die...

........ ...... ..... ....#
##. ##...######
.P..###...#.P....
.................
.......e@.......
#P##..##.#..##.# #. #....##
# ###..P# .####..##
....##..## ..
#...##....#### P..P
#..####...##.###
P..P#######..#.#...###.#.##


You could see Fannar (icy armour).

Vanquished Creatures
  3 hydras
  Harold (Lair:2)
  3 two-headed ogres (D:10)
  Urug (Lair:2)
  2 unseen horrors (D:10)
  2 orc knights (D:10)
  4 oklob plants
  2 ugly things (D:10)
  Pikel (D:5)
  A gargoyle (D:10)
  3 cane toads
  Maggie (D:6)
  2 kobold demonologists (D:10)
  3 komodo dragons
  A rime drake (Lair:1)
  A yaktaur (D:10)
  A queen bee (Lair:2)
  4 trolls
  A slime creature (D:10)
  A hornet (D:7)
  5 blink frogs (Lair:1)
  5 hippogriffs
  9 spriggans (D:9)
  A vampire (D:10)
  3 yaks (Lair:2)
  A basilisk (D:10)
  2 acid dragons (D:10)
  A soldier ant (D:10)
  3 porcupines
  5 ice beasts
  2 phantoms
  10 orc warriors
  A water moccasin (Lair:1)
  2 sky beasts
  3 black bears
  8 centaurs
  7 ogres
  3 wolves (Lair:1)
  3 lemures
  3 crocodiles
  3 bullfrogs
  A big kobold (D:10)
  4 scorpions
  A water moccasin skeleton (D:7)
  21 killer bees
  10 wights
  7 howler monkeys
  3 bullfrog zombies
  A centaur zombie (D:8)
  5 jellies
  3 quasits
  2 centaur skeletons
  5 bullfrog skeletons
  5 hounds
  6 orc priests
  7 orc wizards
  A gnoll shaman (D:7)
  3 iguanas
  Terence (D:3)
  6 worker ants
  A killer bee zombie (D:5)
  A hound skeleton (D:5)
  A hound zombie (D:5)
  A howler monkey skeleton (D:6)
  13 gnolls
  15 adders
  A shadow imp (D:8)
  3 white imps
  5 ufetubi
  A worm (D:3)
  2 dart slugs
  8 leopard geckos
  44 orcs
  9 bats
  10 giant cockroaches
  6 hobgoblins
  6 jackals
  A quokka (D:10)
  2 ball pythons
  2 frilled lizards (D:2)
  10 goblins
  14 kobolds
  11 rats
377 creatures vanquished.

Vanquished Creatures (collateral kills)
  A killer bee (Lair:2)
1 creature vanquished.

Vanquished Creatures (others)
  A killer bee (Lair:2)
  2 jackals (D:6)
  9 fungi
  25 plants
37 creatures vanquished.

Grand Total: 415 creatures vanquished

Notes
Turn   | Place    | Note
-------+----------+-------------------------------------------
     0 | D:1      | Fingolfin the Gargoyle Earth Elementalist began the quest
                  | for the Orb.
     0 | D:1      | Reached XP level 1. HP: 10/10 MP: 3/3
   147 | D:1      | Reached XP level 2. HP: 15/15 MP: 0/5
   308 | D:1      | Reached skill level 4 in Earth Magic
   483 | D:1      | Reached XP level 3. HP: 19/19 MP: 4/6
   487 | D:1      | Learned a level 2 spell: Passwall
   491 | D:1      | Learned a level 3 spell: Stone Arrow
   827 | D:2      | Reached skill level 1 in Conjurations
   866 | D:2      | Reached XP level 4. HP: 24/24 MP: 0/7
  1813 | D:3      | Reached XP level 5. HP: 28/28 MP: 6/9
  1872 | D:3      | Found a sparkling altar of Nemelex Xobeh.
  1886 | D:3      | Reached skill level 5 in Earth Magic
  1889 | D:3      | Noticed Terence
  1959 | D:3      | Killed Terence
  2869 | D:4      | Reached XP level 6. HP: 32/32 MP: 0/10
  3108 | D:4      | Noticed an orc warrior
  3219 | D:4      | Found a shadowy altar of Dithmenos.
  3219 | D:4      | Found a bloodstained altar of Trog.
  3221 | D:4      | Found a blossoming altar of Fedhas.
  3222 | D:4      | Found a shattered altar of Ashenzari.
  3336 | D:4      | Found Ixorrar's Antique Armour Shoppe.
  3348 | D:4      | Bought a glowing robe for 62 gold pieces
  3358 | D:4      | Bought an embroidered robe for 62 gold pieces
  3739 | D:4      | Reached skill level 6 in Earth Magic
  3761 | D:4      | Killed an orc warrior
  3761 | D:4      | Reached XP level 7. HP: 34/36 MP: 0/12
  3921 | D:4      | Found a sparkling altar of Nemelex Xobeh.
  3988 | D:5      | Entered Level 5 of the Dungeon
  4018 | D:5      | Noticed Pikel
  4023 | D:5      | Reached skill level 5 in Conjurations
  4162 | D:5      | Learned a level 5 spell: Lee's Rapid Deconstruction
  4178 | D:5      | Found a staircase to the Ecumenical Temple.
  4371 | Temple   | Entered the Ecumenical Temple
  4480 | Temple   | Became a worshipper of Sif Muna the Loreminder
  5000 | D:5      | Reached skill level 5 in Spellcasting
  5000 | D:5      | Reached XP level 8. HP: 41/41 MP: 5/15
  5407 | D:5      | Reached skill level 1 in Fighting
  5407 | D:5      | Reached skill level 1 in Armour
  5407 | D:5      | Reached skill level 1 in Invocations
  5410 | D:5      | Reached skill level 1 in Maces & Flails
  5410 | D:5      | Reached skill level 1 in Evocations
  5506 | D:5      | Killed Pikel
  6016 | D:5      | Learned a level 4 spell: Petrify
  6030 | D:6      | Reached XP level 9. HP: 42/48 MP: 16/16
  6033 | D:6      | Found Moomine's Armour Shop.
  6325 | D:6      | Noticed Maggie
  6339 | D:6      | Killed Maggie
  6883 | D:6      | Reached * piety under Sif Muna
  6995 | D:6      | Found Odirobom's Magic Scroll Boutique.
  7003 | D:6      | Bought a scroll of identify for 26 gold pieces
  7003 | D:6      | Bought a scroll of identify for 26 gold pieces
  7003 | D:6      | Bought a scroll of magic mapping for 45 gold pieces
  7312 | D:6      | Found Fuvvecvi's Antique Armour Boutique.
  8033 | D:7      | Reached ** piety under Sif Muna
  8292 | D:7      | Found Zone Pallu's General Store.
  8315 | D:7      | Reached skill level 5 in Stealth
  8504 | D:7      | Reached skill level 5 in Maces & Flails
  8504 | D:7      | Reached XP level 10. HP: 56/56 MP: 0/17
  9198 | D:7      | Upgraded the game from 0.26-a0-597-gb535b0901c to
                  | 0.26-a0-639-g72c4674329
  9820 | D:8      | Got a masterwork war axe
  9821 | D:8      | Identified the +9 war axe of Cobwebs {elec, +Inv rF+ Dex+4
                  | Stlth+} (You found it on level 8 of the Dungeon)
 10472 | D:8      | Reached skill level 1 in Axes
 11266 | D:9      | Reached skill level 1 in Shields
 11312 | D:9      | Reached *** piety under Sif Muna
 11440 | D:9      | Found a burning altar of Makhleb.
 11442 | D:9      | Found a glowing silver altar of Zin.
 11442 | D:9      | Noticed an angel
 11442 | D:9      | Noticed a cacodemon
 11528 | D:9      | Reached skill level 5 in Invocations
 11546 | D:9      | Reached skill level 5 in Fighting
 11572 | D:9      | Reached XP level 11. HP: 29/64 MP: 2/18
 11870 | D:9      | Found a staircase to the Orcish Mines.
 12602 | D:10     | Entered Level 10 of the Dungeon
 12605 | D:10     | Noticed a two-headed ogre
 12613 | D:10     | Killed a two-headed ogre
 13091 | D:10     | Reached skill level 5 in Evocations
 13113 | D:10     | Reached **** piety under Sif Muna
 13150 | D:10     | Noticed a purple ugly thing
 13156 | D:10     | Killed a purple ugly thing
 13493 | D:10     | Noticed an orc knight
 13520 | D:10     | Found a staircase to the Lair.
 13753 | D:10     | Noticed an orc knight
 13768 | D:10     | Reached skill level 7 in Earth Magic
 13897 | D:10     | Noticed a two-headed ogre
 13906 | D:10     | Killed a two-headed ogre
 14248 | D:10     | Reached skill level 8 in Earth Magic
 14352 | D:10     | Killed an unseen horror
 14885 | D:10     | Reached skill level 9 in Earth Magic
 14903 | D:10     | Killed an unseen horror
 14903 | D:10     | Reached XP level 12. HP: 44/70 MP: 3/19
 14945 | D:10     | Reached skill level 10 in Earth Magic
 15398 | D:10     | Learned a level 2 spell: Swiftness
 15625 | D:10     | Noticed a four-headed hydra
 15647 | D:10     | Killed a four-headed hydra
 15649 | D:10     | Noticed a two-headed ogre
 15656 | D:10     | Killed a two-headed ogre
 16072 | D:10     | HP: 3/75 [orc knight/+0 great sword (9)]
 16073 | D:10     | Reached skill level 5 in Axes
 16492 | Lair:1   | Entered Level 1 of the Lair of Beasts
 16493 | Lair:1   | Noticed a six-headed hydra
 16509 | Lair:1   | Killed a six-headed hydra
 17283 | Lair:1   | Reached ***** piety under Sif Muna
 17860 | Lair:2   | Found a staircase to the Shoals.
 17947 | Lair:2   | Noticed an eight-headed hydra
 17950 | Lair:2   | Killed an eight-headed hydra
 17950 | Lair:2   | Reached skill level 5 in Armour
 18146 | Lair:2   | Reached skill level 5 in Dodging
 18232 | Lair:2   | Received a gift from Sif Muna
 18237 | Lair:2   | Learned a level 2 spell: Blink
 18337 | Lair:2   | Noticed Harold
 18351 | Lair:2   | Noticed Urug
 18419 | Lair:2   | Killed Urug
 18419 | Lair:2   | Reached XP level 13. HP: 80/80 MP: 11/21
 19273 | Lair:2   | Killed Harold
 19928 | Lair:3   | Noticed Fannar
 19943 | Lair:3   | Killed from afar by Fannar

Illustrated notes

Levels and vault maps discovered:
D:1:      lightli_arrival_statuegarden, layout_loops_ring
D:2:      layout_loops_ring, st_stairs_5
D:3:      layout_basic, lemuel_round_altar, serial_curves, eino_curves_01,
          eino_curves_03, uniq_terence
D:4:      layout_basic, minitemple, serial_shops, shop, nemelex_altar_shiori
D:5:      layout_loops_ring, temple_green, uniq_pikel
D:6:      layout_basic, serial_shops, nicolae_shop_crystal, shop,
          shop_fountains, uniq_maggie
D:7:      layout_basic, serial_shops, shop, grunt_ministairs_8, dk_vineyard_2
D:8:      layout_layer_cave
D:9:      kb_forest_paths, layout_basic,
          grunt_temple_overflow_order_and_chaos_2, david_orc_4
D:10:     hangedman_cross_veins, layout_basic, lair_entry_dummy,
          minmay_the_grid_2x2 [minmay_the_grid_minigrid_large,
          minmay_the_grid_all_tris, minmay_the_grid_fan,
          minmay_the_grid_prize_big_room]
Temple:   regret_index_temple_waves
Lair:1:   layout_gridlike
Lair:2:   dpeg_oklob_gauntlet, layout_long_grid, minmay_shoals_entry_centaurs,
          special_room [special_room_bee], uniq_harold, uniq_urug
Lair:3:   layout_small_grid, nicolae_spider_entry_tight_spaces, uniq_rupert,
          uniq_fannar

Skill      XL: |  1  2  3  4  5  6  7  8  9 10 11 12 13 |
---------------+----------------------------------------+-----
Earth Magic    | 4 5 6 9 10 | 10.0
Conjurations   | 1 2 3 4 6 |  6.0
Spellcasting   | 3 5 7 |  7.0
Dodging        | 2 3 4 5 6 |  6.0
Stealth        | 3 5 6 |  6.0
Fighting       | 2 3 5 6 9 |  9.0
Armour         | 2 3 4 6 |  6.0
Invocations    | 2 3 5 6 |  6.0
Maces & Flails | 2 5 |  5.8
Evocations     | 1 3 4 6 |  6.0
Axes           | 3 4 7 |  7.1
Shields        | 2 4 |  4.0
Transmutations | |  0.7

Action                   |  1- 3 |  4- 6 |  7- 9 | 10-12 | 13-15 || total
-------------------------+-------+-------+-------+-------+-------++-------
Melee: Unarmed           |    13 |       |       |       |       ||    13
       Spear             |    21 |   134 |       |       |       ||   155
       Short sword       |       |       |    24 |       |       ||    24
       Mace              |       |       |    58 |    20 |       ||    78
       War axe           |       |       |       |   170 |     8 ||   178
       Staff             |       |       |       |    41 |       ||    41
Throw: Dart              |       |     6 |       |       |       ||     6
 Cast: Sandblast         |    34 |    59 |    74 |    51 |       ||   218
       Stone Arrow       |       |    20 |   107 |   178 |    28 ||   333
       Lee's Rapid Decon |       |       |     2 |    43 |    22 ||    67
       Passwall          |       |       |       |     2 |       ||     2
       Blink             |       |       |       |       |     1 ||     1
Evoke: Wand              |       |       |     5 |     4 |     1 ||    10
  Use: Scroll            |     4 |       |    11 |     6 |     4 ||    25
 Stab: Sleeping          |     2 |     1 |     1 |     3 |       ||     7
Armor: Robe              |    18 |    55 |    53 |   138 |    10 ||   274
Dodge: Dodged            |    37 |   104 |   130 |   290 |    12 ||   573
Block: Buckler           |       |       |       |    69 |     5 ||    74

Table legend: (Time is in decaauts)
 A = Elapsed time spent in this place.
 B = Non-inter-level travel time spent in this place.
 C = Inter-level travel time spent in this place.
 D = Time resting spent in this place.
 E = Time spent auto-exploring this place.
 F = Levels seen in this place.
 G = Mean time per level.
                   A        B        C        D        E       F      G
               +--------+--------+--------+--------+--------+-----+--------+
         Total |  19994 |  19287 |    707 |   8585 |   7549 |  14 | 1428.1 |
       Dungeon |  16529 |  16037 |    492 |   6902 |   6353 |  10 | 1652.9 |
        Temple |    140 |     71 |     69 |      0 |     69 |   1 |  140.0 |
          Lair |   3324 |   3178 |    146 |   1683 |   1127 |   3 | 1108.0 |
               +--------+--------+--------+--------+--------+-----+--------+

Top non-repeatable levels by time:
    D:10: 3922 daAuts
     D:7: 1938 daAuts
  Lair:2: 1862 daAuts
     D:5: 1778 daAuts
     D:6: 1705 daAuts
     D:8: 1545 daAuts
     D:9: 1531 daAuts
     D:3: 1267 daAuts
     D:4: 1253 daAuts
  Lair:1: 1224 daAuts
     D:2: 837 daAuts
     D:1: 749 daAuts
  Lair:3: 237 daAuts
  Temple: 140 daAuts
